 Dungeon Crawl Stone Soup version 0.29-a0-474-gdfe5cd140f (webtiles) character file.

Game seed: 15144673479823634575

10820 spaghetti the Martial Artist (level 11, -12/89 HPs)
             Began as a Gnoll Monk on May 23, 2022.
             Was a High Priest of Kikubaaqudgha.
             Succumbed to a cane toad's poison
             ... on level 1 of the Lair of Beasts.
             The game lasted 00:30:37 (9895 turns).

spaghetti the Martial Artist (Gnoll Monk)           Turns: 9895, Time: 00:30:39

Health: -12/89     AC: 10    Str: 14    XL:     11   Next: 68%
Magic:  20/20      EV: 16    Int: 18    God:    Kikubaaqudgha [*****.]
Gold:   568        SH:  0    Dex: 14    Spells: 5/23 levels left

rFire   . . .      SeeInvis .   b - +4 flail of Corruption {venom, Drain Int+5, mace}
rCold   . . .      Faith    .   (no shield)
rNeg    . . .      Spirit   .   a - +0 robe
rPois   .          Reflect  .   c - +0 helmet
rElec   .          Harm     .   k - +1 cloak
rCorr   .          Rampage  .   (no gloves)
Will    .....                   (no boots)
Stlth   ++++......              w - amulet of regeneration {@e2}
HPRegen 1.04/turn               u - +4 ring of protection
MPRegen 0.17/turn               (no ring)

@: mighty, lethally poisoned (-12 -> -61), studying 2 skills
A: fangs 1, strong nose, distributed training, strong 1
a: Renounce Religion, Unearth Wretches, Torment


You were on level 1 of the Lair of Beasts.
You worshipped Kikubaaqudgha.
Kikubaaqudgha was extremely pleased with you.
You visited 3 branches of the dungeon, and saw 12 of its levels.

You collected 568 gold pieces.


Innate Abilities, Weirdness & Mutations

You have very sharp teeth.
Your uncanny sense of smell can sniff out nearby items.
Your experience applies equally to all skills.
Your muscles are strong. (Str +2)


   Skills:
 + Level 9.3 Fighting
 + Level 6.5 Short Blades
 + Level 6.5 Long Blades
 + Level 6.5 Axes
 + Level 6.5 Maces & Flails
 + Level 6.5 Polearms
 + Level 6.5 Staves
 + Level 9.0 Slings
 + Level 6.5 Bows
 + Level 6.5 Crossbows
 + Level 6.5 Throwing
 + Level 6.5 Armour
 + Level 9.3 Dodging
 + Level 7.8 Stealth
 + Level 6.5 Shields
 + Level 9.3 Unarmed Combat
 + Level 6.5 Spellcasting
 + Level 5.4 Conjurations
 + Level 5.4 Hexes
 + Level 5.4 Summonings
 + Level 5.4 Necromancy
 + Level 5.4 Translocations
 + Level 5.4 Transmutations
 + Level 5.4 Fire Magic
 + Level 5.4 Ice Magic
 + Level 5.4 Air Magic
 + Level 5.4 Earth Magic
 + Level 5.4 Poison Magic
 + Level 7.1 Invocations
 + Level 9.2 Evocations


You had 5 spell levels left.
You knew the following spells:

 Your Spells              Type           Power      Damage    Failure   Level
a - Call Canine Familiar  Summ           25%        N/A       3%          3
b - Freezing Cloud        Conj/Ice/Air   12%        6-21      34%         5
c - Death Channel         Necr           12%        N/A       88%         6
d - Dispel Undead         Necr           25%        3d12      12%         4

Your spell library contained the following spells:

 Spells                   Type           Power      Damage    Failure   Level
 Magic Dart               Conj           100%       1d8       1%          1
 Necrotize                Necr           100%       1d9       1%          1
 Summon Small Mammal      Summ           100%       N/A       1%          1
 Call Imp                 Summ           25%        N/A       1%          2
 Sublimation of Blood     Necr           25%        N/A       1%          2
 Mephitic Cloud           Conj/Pois/Air  25%        N/A       3%          3
 Summon Guardian Golem    Hex/Summ       25%        N/A       3%          3
 Vampiric Draining        Necr           25%        2d7       3%          3
 Anguish                  Hex/Necr       12%        N/A       12%         4
 Corpse Rot               Necr/Pois/Air  25%        N/A       12%         4
 Agony                    Necr           25%        N/A       34%         5
 Simulacrum               Ice/Necr       12%        N/A       88%         6
 Chain Lightning          Conj/Air       12%        3d16      100%        9
 Fire Storm               Conj/Fire      12%        8d3       100%        9
 Polar Vortex             Ice            12%        N/A       100%        9
 Shatter                  Erth           12%        3d13*     100%        9

Inventory:

Hand Weapons
 b - the +4 flail of Corruption (weapon) {venom, Drain Int+5, mace}
   (You found it on level 9 of the Dungeon)

   It poisons the flesh of those it strikes.
   Int:       It affects your intelligence (+5).
   Drain:     It drains your maximum health when unequipped.
 h - a +1 dagger of venom {short}
   (You took it off a kobold on level 1 of the Dungeon)
 y - a +3 broad axe {axe}
   (You found it on level 3 of the Dungeon)
 C - a +1 falchion of electrocution {long}
   (You found it on level 6 of the Dungeon)
 H - a +0 short sword of freezing {short}
   (You took it off a kobold brigand on level 7 of the Dungeon)
Missiles
 d - 273 stones (quivered) {throwing}
 j - 7 boomerangs {throwing}
 q - 6 javelins {throwing}
 s - 4 datura-tipped darts {throwing}
 I - 26 poisoned darts {throwing}
 L - 3 silver boomerangs {throwing}
Armour
 a - a +0 robe (worn)
 c - a +0 helmet (worn)
   (You took it off Robin on level 3 of the Dungeon)
 k - a +1 cloak (worn)
   (You found it on level 4 of the Dungeon)
 J - the +1 leather armour "Exumnimm" {Harm Fly}
   (You found it on level 7 of the Dungeon)

   Fly:       It grants you flight.
   Harm:      It increases damage dealt and taken.
Jewellery
 l - an amulet of magic regeneration {@e2}
   (You found it on level 1 of the Dungeon)
 u - a +4 ring of protection (left hand)
   (You found it on level 3 of the Dungeon)
 w - an amulet of regeneration (around neck) {@e2}
   (You found it on level 3 of the Dungeon)
Wands
 v - a wand of flame (7)
   (You took it off Blork the orc on level 5 of the Dungeon)
 K - a wand of digging (7)
   (You found it on level 8 of the Dungeon)
Scrolls
 e - a scroll of poison {!r}
 i - 6 scrolls of identify {@r1}
 m - 2 scrolls of immolation {!r!r}
 p - a scroll of torment {!r}
 D - a scroll of enchant armour
 E - a scroll of vulnerability {!r!r}
 G - 2 scrolls of magic mapping {!r}
Potions
 f - a potion of degeneration {!q@e2}
 o - a potion of resistance
 r - a potion of invisibility
 x - a potion of brilliance
 A - 3 potions of cancellation
 B - a potion of might

Dungeon Overview and Level Annotations

Branches:
Dungeon (9/15)             Temple (1/1) D:5            Lair (2/6) D:8
    Orc (0/2) D:9
  Swamp: Lair:2-4    Shoals: Lair:2-4     Snake: Lair:2-4    Spider: Lair:2-4

Altars:
Ashenzari
Cheibriados
Dithmenos
Fedhas
Gozag
Hepliaklqana
Kikubaaqudgha
Makhleb
Nemelex Xobeh
Okawaru
Ru
Sif Muna
Uskayaw
Vehumet
Wu Jian
Yredelemnul
The Shining One

Annotations:
D:4 3 runed translucent doors, avis's ghost, amateur HOMo
D:7 exclusions: orc wizard and 1 more exclusion

#.(.!..... ........+
#.(....... ........# .
#......... ......... ...
#..†..#.## #...... ....
#.....# #.....#
..P.######...†## #.....#
...............# #.....#
...#.##........# ##.....#
......#......@F########......#
#............................
###..#.#####.†...............
#..#.#..................... #.
#.#.>....#.##........... #.
#.......####P..#####....
#..#.#...#..# ##..#........
#..#.....#..# #..#....#...
###....#...#.## #..P....#...


You could see a cane toad.


Message History

You take 9 damage, and now have 32/89 hp.
You kill the blink frog!
Kikubaaqudgha accepts your kill.
The blink frog blinks! 😨 HP[+1] 😨 HP[+1] 😨 HP[+1]
You closely miss the blink frog. Your bite misses the blink frog.
The blink frog barely misses you. 😨 HP[+1]
You hit the blink frog but do no damage.
Your bite misses the blink frog. The blink frog hits you.
* * * LOW HITPOINT WARNING * * *
The blink frog blinks! 😨 HP[-5]
You take 5 damage, and now have 31/89 hp.
The blink frog hits you but does no damage. 😨 HP[+1]
You barely miss the blink frog. The blink frog hits you!
* * * LOW HITPOINT WARNING * * *
The blink frog blinks! 😨 HP[-8]
You take 8 damage, and now have 24/89 hp.
You sock the blink frog!
The blink frog looks as sick as possible!
You kill the blink frog!
Kikubaaqudgha accepts your kill.
Your Slings skill increases to level 9! 😨 HP[+1]
A cane toad is nearby!
A cane toad is nearby!
A cane toad is nearby!
A cane toad is nearby!
A cane toad is nearby! 😮 HP[+28]
You regained 28 hp, and now have 53/89 hp.
A cane toad is nearby!
A cane toad is nearby!
A cane toad is nearby!
Unknown command.
You are too injured to fight recklessly!
You are too injured to fight recklessly!
You are too injured to fight recklessly!
You are too injured to fight recklessly!
You are too injured to fight recklessly!
You are too injured to fight recklessly!
You are too injured to fight recklessly!
You are too injured to fight recklessly!
You are too injured to fight recklessly!
You are too injured to fight recklessly!
You are too injured to fight recklessly!
You are too injured to fight recklessly!
You are too injured to fight recklessly!
You are too injured to fight recklessly!
You are too injured to fight recklessly! 😮 HP[+1] 😮 HP[+1] 😮 HP[+1]
You strike the helpless cane toad from behind!
You sock the cane toad! The cane toad misses you. 😮 HP[+2]
You regained 2 hp, and now have 58/89 hp.
You hit the cane toad but do no damage. The cane toad stings you!
You are poisoned.
The cane toad poisons you! 😮 HP[-13]
You take 13 damage, and now have 45/89 hp.
Unknown command.
You barely miss the cane toad.
You bite the cane toad, but do no damage.
You feel very sick. The cane toad stings you.
* * * LOW HITPOINT WARNING * * *
You are more poisoned.
The cane toad poisons you! The cane toad stings you!
* * * LOW HITPOINT WARNING * * *
You are lethally poisoned!
The cane toad poisons you! 😨 HP[-17]
You take 17 damage, and now have 28/89 hp.
Unknown command.
Okay, then.
Okay, then.
Okay, then.
Okay, then.
Okay, then.
You feel very mighty all of a sudden.
* * * LOW HITPOINT WARNING * * *
You feel extremely sick. The cane toad stings you!!
* * * LOW HITPOINT WARNING * * *
You are more poisoned.
The cane toad poisons you! 😱 HP[-27]
You take 27 damage, and now have 1/89 hp.
MASSIVE DAMAGE!! (PAUSE) Unknown command.
You barely miss the cane toad.
You die...
Kikubaaqudgha rasps: "You have failed me!
Welcome... death!"

Skill      XL: |  1  2  3  4  5  6  7  8  9 10 11 |
---------------+----------------------------------+-----
Invocations    | 1 2 3 4 5 6 7 |  7.1
Short Blades   | 1 2 3 4 5 6 |  6.5
Long Blades    | 1 2 3 4 5 6 |  6.5
Axes           | 1 2 3 4 5 6 |  6.5
Maces & Flails | 1 2 3 4 5 6 |  6.5
Polearms       | 1 2 3 4 5 6 |  6.5
Staves         | 1 2 3 4 5 6 |  6.5
Slings         | 1 2 3 4 6 7 9 |  9.0
Bows           | 1 2 3 4 5 6 |  6.5
Crossbows      | 1 2 3 4 5 6 |  6.5
Throwing       | 1 2 3 4 5 6 |  6.5
Armour         | 1 2 3 4 5 6 |  6.5
Shields        | 1 2 3 4 5 6 |  6.5
Spellcasting   | 1 2 3 4 5 6 |  6.5
Evocations     | 1 2 3 4 5 6 8 9 |  9.2
Conjurations   | 1 2 3 4 5 |  5.4
Hexes          | 1 2 3 4 5 |  5.4
Summonings     | 1 2 3 4 5 |  5.4
Necromancy     | 1 2 3 4 5 |  5.4
Translocations | 1 2 3 4 5 |  5.4
Transmutations | 1 2 3 4 5 |  5.4
Fire Magic     | 1 2 3 4 5 |  5.4
Ice Magic      | 1 2 3 4 5 |  5.4
Air Magic      | 1 2 3 4 5 |  5.4
Earth Magic    | 1 2 3 4 5 |  5.4
Poison Magic   | 1 2 3 4 5 |  5.4
Fighting       | 7 8 9 |  9.3
Dodging        | 7 8 9 |  9.3
Unarmed Combat | 7 8 9 |  9.3
Stealth        | 5 6 7 |  7.8

Action                   |  1- 3 |  4- 6 |  7- 9 | 10-12 || total
-------------------------+-------+-------+-------+-------++-------
Melee: Unarmed           |    13 |       |    80 |   362 ||   455
       Dagger            |    69 |   114 |   149 |       ||   332
       Bite              |     6 |    12 |    42 |    66 ||   126
       Punch             |     3 |     4 |    22 |    31 ||    60
       Broad axe         |       |       |   122 |       ||   122
       Flail             |       |       |       |   102 ||   102
Throw: Stone             |    87 |    46 |   133 |   171 ||   437
       Javelin           |       |       |       |     4 ||     4
 Cast: Call Canine Famil |       |       |       |    10 ||    10
       Freezing Cloud    |       |       |       |     1 ||     1
Evoke: Wand              |       |       |     3 |    13 ||    16
  Use: Potion            |     4 |     2 |    11 |    10 ||    27
       Scroll            |       |     7 |     9 |     7 ||    23
 Stab: Sleeping          |     3 |     1 |     1 |       ||     5
       Invisible         |       |       |     1 |       ||     1
       Fleeing           |       |       |       |     1 ||     1
       Distracted        |       |       |       |     4 ||     4
Armor: Robe              |    14 |    21 |    90 |   134 ||   259
       Skin              |     2 |     8 |    34 |    58 ||   102
Dodge: Dodged            |    71 |    68 |   236 |   415 ||   790

Levels and vault maps discovered:
D:1:      onia_arrival_pyramid, layout_basic, hellmonk_ecumenical_altar_blasted
D:2:      layout_rooms
D:3:      layout_basic, mainiacjoe_overflow_alcove_1, st_stairs_13,
          solitary_fountain, uniq_robin
D:4:      layout_basic, lemuel_coloured_pillars_altar,
          ebering_ghost_rock_garden, uniq_sigmund, uniq_edmund
D:5:      layout_basic, minmay_temple_entry_mist, uniq_blork_the_orc
D:6:      minmay_razor_zed, layout_basic
D:7:      layout_gridville, kennysheep_mini, water_boxes_lemuel
D:8:      lemuel_slime, layout_basic, lair_entry_dummy
D:9:      minmay_clustersquares, layout_cave_pools,
          nicolae_dithmenos_the_darkroom, david_orc_3, st_stairs_4, minivault_14
Temple:   cyrus_circular_temple
Lair:1:   layout_chaotic_city, chequers_serial_rivers_room_b, wad_woods_road_02,
          st_stairs_11, nzn_sisyphean_effort
Lair:2:   layout_concentric_octagons, minivault_23, grunt_megastairs_5

Notes
Turn   | Place    | Note
-------+----------+-------------------------------------------
     0 | D:1      | spaghetti the Gnoll Monk began the quest for the Orb.
     0 | D:1      | Reached XP level 1. HP: 23/23 MP: 1/1
     0 | D:1      | magus.rc [v1.9.6]
   225 | D:1      | Reached XP level 2. HP: 29/29 MP: 2/2
   617 | D:1      | Found a faded altar of an unknown god.
   798 | D:2      | Reached XP level 3. HP: 35/35 MP: 3/3
   968 | D:2      | Reached skill level 1 in Invocations
  1207 | D:2      | You pick up a book of Callings and begin reading...
  1207 | D:2      | You add the spells Summon Small Mammal, Call Canine
                  | Familiar and Summon Guardian Golem to your library.
  1227 | D:2      | Reached skill level 1 in Short Blades
  1227 | D:2      | Reached skill level 1 in Long Blades
  1227 | D:2      | Reached skill level 1 in Axes
  1227 | D:2      | Reached skill level 1 in Maces & Flails
  1227 | D:2      | Reached skill level 1 in Polearms
  1227 | D:2      | Reached skill level 1 in Staves
  1227 | D:2      | Reached skill level 1 in Slings
  1227 | D:2      | Reached skill level 1 in Bows
  1227 | D:2      | Reached skill level 1 in Crossbows
  1227 | D:2      | Reached skill level 1 in Throwing
  1227 | D:2      | Reached skill level 1 in Armour
  1227 | D:2      | Reached skill level 1 in Shields
  1227 | D:2      | Reached skill level 1 in Spellcasting
  1227 | D:2      | Reached skill level 1 in Evocations
  1526 | D:3      | Noticed Robin
  1540 | D:3      | Reached XP level 4. HP: 31/41 MP: 5/5
  1552 | D:3      | Killed Robin
  1862 | D:3      | Reached skill level 1 in Conjurations
  1862 | D:3      | Reached skill level 1 in Hexes
  1862 | D:3      | Reached skill level 1 in Summonings
  1862 | D:3      | Reached skill level 1 in Necromancy
  1862 | D:3      | Reached skill level 1 in Translocations
  1862 | D:3      | Reached skill level 1 in Transmutations
  1862 | D:3      | Reached skill level 1 in Fire Magic
  1862 | D:3      | Reached skill level 1 in Ice Magic
  1862 | D:3      | Reached skill level 1 in Air Magic
  1862 | D:3      | Reached skill level 1 in Earth Magic
  1862 | D:3      | Reached skill level 1 in Poison Magic
  2066 | D:3      | Found a blossoming altar of Fedhas.
  2122 | D:3      | Identified a scroll of acquirement
  2123 | D:3      | Acquired a manual of Evocations
  2785 | D:4      | Reached XP level 5. HP: 47/47 MP: 5/7
  2845 | D:4      | Noticed Sigmund
  2856 | D:4      | Killed Sigmund
  2857 | D:4      | Reached skill level 2 in Short Blades
  2857 | D:4      | Reached skill level 2 in Long Blades
  2857 | D:4      | Reached skill level 2 in Axes
  2857 | D:4      | Reached skill level 2 in Maces & Flails
  2857 | D:4      | Reached skill level 2 in Polearms
  2857 | D:4      | Reached skill level 2 in Staves
  2857 | D:4      | Reached skill level 2 in Slings
  2857 | D:4      | Reached skill level 2 in Bows
  2857 | D:4      | Reached skill level 2 in Crossbows
  2857 | D:4      | Reached skill level 2 in Throwing
  2857 | D:4      | Reached skill level 2 in Armour
  2857 | D:4      | Reached skill level 2 in Shields
  2857 | D:4      | Reached skill level 2 in Spellcasting
  2857 | D:4      | Reached skill level 2 in Invocations
  2857 | D:4      | Reached skill level 2 in Evocations
  2857 | D:4      | Reached XP level 6. HP: 48/53 MP: 7/9
  3020 | D:4      | Noticed Edmund
  3031 | D:4      | Killed Edmund
  3032 | D:4      | Reached skill level 3 in Evocations
  3032 | D:4      | Reached XP level 7. HP: 48/59 MP: 10/10
  3127 | D:4      | Reached skill level 7 in Fighting
  3127 | D:4      | Reached skill level 7 in Dodging
  3127 | D:4      | Reached skill level 7 in Unarmed Combat
  3171 | D:4      | Found an ornate altar of the Wu Jian Council.
  3434 | D:4      | Found a runed translucent gate.
  3435 | D:4      | Found a runed translucent gate.
  3435 | D:4      | Found a runed translucent gate.
  3435 | D:4      | Noticed avis's ghost (amateur HOMo)
  3471 | D:5      | Entered Level 5 of the Dungeon
  3528 | D:5      | Gained mutation: You passively map a small area around you.
                  | [potion of mutation]
  3533 | D:5      | Reached skill level 2 in Conjurations
  3533 | D:5      | Reached skill level 2 in Hexes
  3533 | D:5      | Reached skill level 2 in Summonings
  3533 | D:5      | Reached skill level 2 in Necromancy
  3533 | D:5      | Reached skill level 2 in Translocations
  3533 | D:5      | Reached skill level 2 in Transmutations
  3533 | D:5      | Reached skill level 2 in Fire Magic
  3533 | D:5      | Reached skill level 2 in Ice Magic
  3533 | D:5      | Reached skill level 2 in Air Magic
  3533 | D:5      | Reached skill level 2 in Earth Magic
  3533 | D:5      | Reached skill level 2 in Poison Magic
  3595 | D:5      | You pick up a book of Minor Magic and begin reading...
  3595 | D:5      | You add the spells Magic Dart, Call Imp and Mephitic Cloud
                  | to your library.
  3609 | D:5      | Noticed Blork the orc
  3625 | D:5      | Killed Blork the orc
  3626 | D:5      | Reached skill level 5 in Stealth
  3626 | D:5      | Reached skill level 3 in Invocations
  3706 | D:5      | Lost mutation: You passively map a small area around you.
                  | [potion of mutation]
  3706 | D:5      | Gained mutation: Your muscles are strong. (Str +2) [potion
                  | of mutation]
  3739 | D:5      | Reached skill level 3 in Slings
  3796 | D:5      | Reached skill level 4 in Evocations
  3796 | D:5      | Reached XP level 8. HP: 55/67 MP: 12/12
  3875 | D:5      | Found a staircase to the Ecumenical Temple.
  3885 | Temple   | Entered the Ecumenical Temple
  3942 | Temple   | Became a worshipper of Kikubaaqudgha
  3942 | Temple   | Reached * piety under Kikubaaqudgha
  3942 | Temple   | You add the spells Necrotize, Sublimation of Blood,
                  | Vampiric Draining and Anguish to your library.
  3942 | Temple   | Received a gift from Kikubaaqudgha
  3942 | Temple   | Reached ** piety under Kikubaaqudgha
  3971 | D:5      | Reached skill level 3 in Short Blades
  3971 | D:5      | Reached skill level 3 in Long Blades
  3971 | D:5      | Reached skill level 3 in Axes
  3971 | D:5      | Reached skill level 3 in Maces & Flails
  3971 | D:5      | Reached skill level 3 in Polearms
  3971 | D:5      | Reached skill level 3 in Staves
  3971 | D:5      | Reached skill level 3 in Bows
  3971 | D:5      | Reached skill level 3 in Crossbows
  3971 | D:5      | Reached skill level 3 in Throwing
  3971 | D:5      | Reached skill level 3 in Armour
  3971 | D:5      | Reached skill level 3 in Shields
  3971 | D:5      | Reached skill level 3 in Spellcasting
  4680 | D:6      | HP: 4/67 [orc warrior/+0 flail (18)]
  4685 | D:6      | HP: 18/100 [orc warrior/+0 flail (9)]
  4804 | D:6      | Reached skill level 4 in Slings
  4906 | D:6      | Reached skill level 5 in Evocations
  4936 | D:6      | Reached skill level 3 in Conjurations
  4936 | D:6      | Reached skill level 3 in Hexes
  4936 | D:6      | Reached skill level 3 in Summonings
  4936 | D:6      | Reached skill level 3 in Necromancy
  4936 | D:6      | Reached skill level 3 in Translocations
  4936 | D:6      | Reached skill level 3 in Transmutations
  4936 | D:6      | Reached skill level 3 in Fire Magic
  4936 | D:6      | Reached skill level 3 in Ice Magic
  4936 | D:6      | Reached skill level 3 in Air Magic
  4936 | D:6      | Reached skill level 3 in Earth Magic
  4936 | D:6      | Reached skill level 3 in Poison Magic
  4936 | D:6      | Reached skill level 4 in Invocations
  4984 | D:6      | Learned a level 3 spell: Call Canine Familiar
  5067 | D:6      | Reached XP level 9. HP: 63/72 MP: 14/14
  5242 | D:6      | Reached skill level 5 in Slings
  5285 | D:6      | Reached skill level 4 in Short Blades
  5285 | D:6      | Reached skill level 4 in Long Blades
  5285 | D:6      | Reached skill level 4 in Axes
  5285 | D:6      | Reached skill level 4 in Maces & Flails
  5285 | D:6      | Reached skill level 4 in Polearms
  5285 | D:6      | Reached skill level 4 in Staves
  5285 | D:6      | Reached skill level 4 in Bows
  5285 | D:6      | Reached skill level 4 in Crossbows
  5285 | D:6      | Reached skill level 4 in Throwing
  5285 | D:6      | Reached skill level 4 in Armour
  5285 | D:6      | Reached skill level 4 in Shields
  5285 | D:6      | Reached skill level 4 in Spellcasting
  5545 | D:7      | Found a sacrificial altar of Ru.
  5566 | D:7      | Reached skill level 6 in Stealth
  5640 | D:7      | You pick up a book of Annihilations and begin reading...
  5640 | D:7      | You add the spells Chain Lightning, Fire Storm and Shatter
                  | to your library.
  5779 | D:7      | Reached skill level 6 in Evocations
  5881 | D:7      | Reached skill level 8 in Fighting
  5881 | D:7      | Reached skill level 8 in Dodging
  5881 | D:7      | Reached skill level 8 in Unarmed Combat
  6063 | D:7      | Reached *** piety under Kikubaaqudgha
  6063 | D:7      | You add the spells Corpse Rot, Dispel Undead, Agony, Death
                  | Channel and Simulacrum to your library.
  6063 | D:7      | Received a gift from Kikubaaqudgha
  6270 | D:7      | Reached skill level 5 in Invocations
  6284 | D:7      | Reached skill level 6 in Slings
  6422 | D:7      | Identified the +1 leather armour "Exumnimm" {Harm Fly}
  6761 | D:8      | Found a staircase to the Lair.
  6799 | D:8      | Reached skill level 4 in Conjurations
  6799 | D:8      | Reached skill level 4 in Hexes
  6799 | D:8      | Reached skill level 4 in Summonings
  6799 | D:8      | Reached skill level 4 in Necromancy
  6799 | D:8      | Reached skill level 4 in Translocations
  6799 | D:8      | Reached skill level 4 in Transmutations
  6799 | D:8      | Reached skill level 4 in Fire Magic
  6799 | D:8      | Reached skill level 4 in Ice Magic
  6799 | D:8      | Reached skill level 4 in Air Magic
  6799 | D:8      | Reached skill level 4 in Earth Magic
  6799 | D:8      | Reached skill level 4 in Poison Magic
  6799 | D:8      | Reached XP level 10. HP: 55/80 MP: 17/17
  6912 | D:8      | Reached skill level 7 in Evocations
  6924 | D:8      | HP: 29/118 [orc warrior/+0 short sword (11)]
  6927 | D:8      | Reached skill level 5 in Short Blades
  6927 | D:8      | Reached skill level 5 in Long Blades
  6927 | D:8      | Reached skill level 5 in Axes
  6927 | D:8      | Reached skill level 5 in Maces & Flails
  6927 | D:8      | Reached skill level 5 in Polearms
  6927 | D:8      | Reached skill level 5 in Staves
  6927 | D:8      | Reached skill level 5 in Bows
  6927 | D:8      | Reached skill level 5 in Crossbows
  6927 | D:8      | Reached skill level 5 in Throwing
  6927 | D:8      | Reached skill level 5 in Armour
  6927 | D:8      | Reached skill level 5 in Shields
  6927 | D:8      | Reached skill level 5 in Spellcasting
  6928 | D:8      | Reached **** piety under Kikubaaqudgha
  7264 | D:8      | Reached skill level 7 in Slings
  7808 | D:8      | You pick up a book of Ice and begin reading...
  7808 | D:8      | You add the spells Freezing Cloud and Polar Vortex to your
                  | library.
  7817 | D:8      | Learned a level 5 spell: Freezing Cloud
  7952 | D:8      | Reached skill level 6 in Invocations
  8017 | D:9      | Reached skill level 7 in Stealth
  8269 | D:9      | HP: 26/123 [yak (12)]
  8270 | D:9      | HP: 8/123 [yak (11)]
  8282 | D:9      | Reached skill level 8 in Evocations
  8295 | D:9      | HP: 30/123 [yak (3)]
  8512 | D:8      | magus.rc [v1.9.6]
  8584 | D:9      | Paralysed by a hornet for 3 turns
  8592 | D:9      | Reached XP level 11. HP: 60/87 MP: 19/19
  8716 | D:8      | Reached skill level 8 in Slings
  8769 | D:8      | Learned a level 6 spell: Death Channel
  8774 | D:8      | Learned a level 4 spell: Dispel Undead
  8784 | D:8      | Reached skill level 9 in Fighting
  8784 | D:8      | Reached skill level 9 in Dodging
  8784 | D:8      | Reached skill level 9 in Unarmed Combat
  8795 | D:8      | Reached skill level 6 in Short Blades
  8795 | D:8      | Reached skill level 6 in Long Blades
  8795 | D:8      | Reached skill level 6 in Axes
  8795 | D:8      | Reached skill level 6 in Maces & Flails
  8795 | D:8      | Reached skill level 6 in Polearms
  8795 | D:8      | Reached skill level 6 in Staves
  8795 | D:8      | Reached skill level 6 in Bows
  8795 | D:8      | Reached skill level 6 in Crossbows
  8795 | D:8      | Reached skill level 6 in Throwing
  8795 | D:8      | Reached skill level 6 in Armour
  8795 | D:8      | Reached skill level 6 in Shields
  8795 | D:8      | Reached skill level 6 in Spellcasting
  8803 | D:8      | Reached skill level 5 in Conjurations
  8803 | D:8      | Reached skill level 5 in Hexes
  8803 | D:8      | Reached skill level 5 in Summonings
  8803 | D:8      | Reached skill level 5 in Necromancy
  8803 | D:8      | Reached skill level 5 in Translocations
  8803 | D:8      | Reached skill level 5 in Transmutations
  8803 | D:8      | Reached skill level 5 in Fire Magic
  8803 | D:8      | Reached skill level 5 in Ice Magic
  8803 | D:8      | Reached skill level 5 in Air Magic
  8803 | D:8      | Reached skill level 5 in Earth Magic
  8803 | D:8      | Reached skill level 5 in Poison Magic
  8957 | D:9      | Found a staircase to the Orcish Mines.
  8973 | D:9      | Identified the +4 flail of Corruption {venom, Drain Int+5}
  8996 | D:9      | Found a shadowy altar of Dithmenos.
  9138 | D:9      | Reached ***** piety under Kikubaaqudgha
  9177 | D:9      | Noticed a cyclops
  9193 | D:9      | Killed a cyclops
  9220 | D:9      | Noticed a cyclops
  9221 | D:9      | HP: 20/89 [cyclops/large rock (40)]
  9222 | D:9      | HP: 7/89 [orc warrior/+0 halberd (14)]
  9234 | D:9      | HP: 21/89 [something (5)]
  9343 | Lair:1   | Entered Level 1 of the Lair of Beasts
  9463 | Lair:1   | Reached skill level 9 in Evocations
  9626 | Lair:1   | HP: 18/89 [komodo dragon (22)]
  9628 | Lair:1   | Reached skill level 7 in Invocations
  9741 | Lair:1   | HP: 19/89 [komodo dragon (21)]
  9861 | Lair:1   | Reached skill level 9 in Slings
  9894 | Lair:1   | HP: 19/89 [poisoned by a cane toad]
  9894 | Lair:1   | HP: 1/89 [cane toad (18)]
  9895 | Lair:1   | Succumbed to a cane toad's poison

Vanquished Creatures
  A cyclops (D:9)
  3 cane toads (Lair:1)
  2 komodo dragons (Lair:1)
  A hornet (D:9)
  3 blink frogs (Lair:1)
  5 slime creatures (D:8)
  A shadow (D:8)
  Sigmund (D:4)
  12 yaks
  A wraith (D:9)
  A wyvern (D:7)
  A warg (D:8)
  Edmund (D:4)
  2 water moccasins
  An acid dragon (D:9)
  3 sky beasts
  6 orc warriors
  3 ice beasts
  2 black bears
  3 centaurs
  4 phantoms
  2 kobold brigands
  Blork the orc (D:5)
  A gnoll sergeant (D:8)
  2 bullfrogs
  2 necrophages
  A scorpion (D:6)
  11 wights
  2 killer bees (D:9)
  2 electric eels
  5 howler monkeys
  4 hounds
  4 orc priests
  7 jellies
  5 iguanas (D:6)
  4 orc wizards
  Robin (D:3)
  4 gnolls (D:8)
  6 adders
  A shadow imp (D:6)
  3 white imps
  4 ufetubi
  2 worms
  A dart slug (D:4)
  21 orcs
  14 ball pythons
  3 bats
  23 endoplasms
  2 giant cockroaches (D:1)
  15 goblins
  4 hobgoblins
  7 jackals
  4 quokkas
  6 frilled lizards
  12 kobolds
  4 rats
247 creatures vanquished.

Vanquished Creatures (collateral kills)
  2 yaks
2 creatures vanquished.

Vanquished Creatures (others)
  5 fungi
5 creatures vanquished.

Grand Total: 254 creatures vanquished

Table legend:
 A = Non-vault XP
 B = Vault XP
 C = Vault XP percentage of total XP
 D = Non-vault monster count
 E = Vault monster count
 F = Vault count percentage of total count
                 A         B        C        D         E       F
            +---------+---------+-------+---------+---------+-------
      Total |   11684 |    3774 |  24.4 |     185 |      64 |  25.7
            +---------+---------+-------+---------+---------+-------
        D:1 |      29 |       0 |   0.0 |      19 |       0 |   0.0
        D:2 |      49 |       0 |   0.0 |      20 |       0 |   0.0
        D:3 |      39 |      42 |  51.9 |      15 |      14 |  48.3
        D:4 |     165 |     383 |  69.9 |      17 |       2 |  10.5
        D:5 |     631 |      99 |  13.6 |      13 |       1 |   7.1
        D:6 |     998 |     368 |  26.9 |      14 |       9 |  39.1
        D:7 |    1664 |       0 |   0.0 |      25 |       0 |   0.0
        D:8 |    3620 |     641 |  15.0 |      34 |      24 |  41.4
        D:9 |    2073 |    1838 |  47.0 |      20 |      13 |  39.4
     Lair:1 |    2416 |     403 |  14.3 |       8 |       1 |  11.1
            +---------+---------+-------+---------+---------+-------

Illustrated notes

Table legend:
 A = Kills in this place as a percentage of kills in entire the game.
 B = Kills by you in this place as a percentage of kills by you in the entire game.
 C = Kills by friends in this place as a percentage of kills by friends in the entire game.
 D = Other kills in this place as a percentage of other kills in the entire game.
 E = Experience gained in this place as a percentage of experience gained in the entire game.
 F = Experience gained in this place divided by the number of levels of this place that you have seen.
                   A       B       C       D       E      F
               +-------+-------+-------+-------+-------+----------------------
         Total | 100.0 | 100.0 | 100.0 |   N/A | 100.0 | 1288.2
       Dungeon |  96.4 |  96.4 | 100.0 |   N/A |  81.8 | 1404.3
          Lair |   3.6 |   3.6 |   0.0 |   N/A |  18.2 | 1409.5
               +-------+-------+-------+-------+-------+----------------------

Table legend: (Time is in decaauts)
 A = Elapsed time spent in this place.
 B = Non-inter-level travel time spent in this place.
 C = Inter-level travel time spent in this place.
 D = Time resting spent in this place.
 E = Time spent auto-exploring this place.
 F = Levels seen in this place.
 G = Mean time per level.
                   A        B        C        D        E       F      G
               +--------+--------+--------+--------+--------+-----+--------+
         Total |   9836 |   9474 |    362 |    913 |   6368 |  12 |  819.7 |
       Dungeon |   9219 |   8887 |    332 |    803 |   6028 |   9 | 1024.3 |
        Temple |     66 |     57 |      9 |      0 |     42 |   1 |   66.0 |
          Lair |    550 |    530 |     20 |    110 |    298 |   2 |  275.0 |
               +--------+--------+--------+--------+--------+-----+--------+

Top non-repeatable levels by time:
     D:8: 1511 daAuts
     D:7: 1282 daAuts
     D:3: 1226 daAuts
     D:6: 1126 daAuts
     D:9: 1020 daAuts
     D:5: 814 daAuts
     D:1: 790 daAuts
     D:2: 728 daAuts
     D:4: 719 daAuts
  Lair:1: 509 daAuts
  Temple: 66 daAuts
  Lair:2: 40 daAuts
